cohdb
Replays
Latest Replays
All Replays
Popular Replays
Top Player Replays
Match Explorer
How It Works
Community
CoH3 Stats
Reddit
Sign in to upload your games and track your stats! →
Sign in with Steam
Match 40201693
Unlisted
Match 40201693
Overview
Messages
Build Orders
End
Pioneer Squad
Construct Infanterie Kompanie
MG 42 Machine Gun Team
Selects Terror Battlegroup
Selects Terror Battlegroup
Selects Machine Gun Camouflage
Grenadier Squad
Grenadier Squad
Grenadier Squad
Construct Panzergrenadier Kompanie
251 Medium Carrier
Pak 40 Anti-tank Gun Team
Medical Bunker
Panzergrenadier Squad
Pak 40 Anti-tank Gun Team
Selects No Quarter
Construct Panzer Kompanie
Panzer IV Medium Tank
Stoßtruppen Squad
Panzer Officer Quarters
Stoßtruppen Squad
Selects King Tiger Heavy Tank
The101stAirBorne ITA
^3
0
0
Comments
sign in to comment!
No comments posted yet!